 Dungeon Crawl Stone Soup version 0.30-a0-777-ga9a30cbeda (webtiles) character file.

Game seed: 5507181294268380678

16023 Dirtsage the Carver (level 12, -17/93 HPs)
             Began as a Demonspawn Monk on Feb 13, 2023.
             Was an Elder of Wu Jian.
             Demolished by a two-headed ogre
             ... wielding a +0 giant club
              (19 damage)
             ... while paralysed by an ogre mage
             ... on level 2 of the Orcish Mines.
             The game lasted 00:44:26 (9792 turns).

Dirtsage the Carver (Demonspawn Monk)               Turns: 9792, Time: 00:44:27

Health: -17/93     AC: 19    Str: 13    XL:     12   Next: 6%
Magic:  12/12      EV:  2    Int: 11    God:    Wu Jian [****..]
Gold:   1781       SH:  0    Dex: 29    Spells: 11/11 levels left

rFire   + . .      SeeInvis .    a - +0 falchion (protect)
rCold   . . .      Faith    .    (no shield)
rNeg    + . .      Spirit   .    s - +0 troll leather armour {Pargi}
rPois   .          Reflect  +    H - +0 hat of Depression {rCorr Dex+3}
rElec   .          Harm     .    f - +0 cloak
rCorr   +          Rampage  .    m - +2 pair of gloves
Will    .....                    S - +0 pair of boots
Stlth   +                        J - amulet "Kebrami" {Reflect rN+ SH+5}
HPRegen 1.15/turn                F - ring of protection from fire
MPRegen 0.26/turn                k - +6 ring of dexterity

@: paralysed, mighty, exhausted, under a protective aura, in a heavenly storm,
glowing
A: horns 1, icy blue scales 1, magic regeneration, demonic magic 3
a: Renounce Religion, Wall Jump, Serpent's Lash


You were on level 2 of the Orcish Mines.
You worshipped Wu Jian.
Wu Jian was greatly pleased with you.
You visited 3 branches of the dungeon, and saw 12 of its levels.
You also visited: Bailey.

You collected 1993 gold pieces.
You spent 212 gold pieces at shops.

Inventory:

Hand Weapons
 a - a +0 falchion of protection (weapon)
 i - a +0 rapier
 I - the +0 long sword "Gehamp" {heavy, rN++ Stlth+}
   (You bought it in a shop on level 6 of the Dungeon)

   rN:        It greatly protects you from negative energy.
   Stlth:     It makes you more stealthy.
Missiles
 e - 2 throwing nets (quivered)
 L - 2 curare-tipped darts
Armour
 f - a +0 cloak (worn)
 m - a +2 pair of gloves (worn)
 s - a +0 troll leather armour (worn) {Pargi}
 H - the +0 hat of Depression (worn) {rCorr Dex+3}
   (You acquired it on level 6 of the Dungeon)

   Dex:       It affects your dexterity (+3).
   rCorr:     It protects you from acid and corrosion.
 S - a +0 pair of boots (worn)
Jewellery
 k - a +6 ring of dexterity (right hand)
 B - an amulet of guardian spirit
 F - a ring of protection from fire (left hand)
 J - the amulet "Kebrami" (around neck) {Reflect rN+ SH+5}
   (You acquired it on level 6 of the Dungeon)

   [amulet of reflection]

   It reflects blocked missile attacks.
   rN:        It protects you from negative energy.
   SH:        It affects your SH (+5).
Wands
 u - a wand of roots (5)
 D - a wand of charming (7)
 E - a wand of polymorph (11)
Scrolls
 j - 5 scrolls of poison
 l - a scroll of fear {unknown}
 n - 3 scrolls of enchant armour {unknown}
 p - 2 scrolls of brand weapon
 t - 3 scrolls of immolation {unknown}
 w - 5 scrolls of vulnerability
 y - a scroll of butterflies {unknown}
 A - 4 scrolls of magic mapping
 C - a scroll of blinking {unknown}
 G - a scroll of amnesia {unknown}
 K - 3 scrolls of identify {unknown}
 M - 3 scrolls of teleportation {unknown}
 P - 3 scrolls of fog {unknown}
Potions
 b - a potion of mutation {unknown}
 c - 2 potions of ambrosia
 d - 3 potions of might
 g - 3 potions of heal wounds {unknown}
 h - a potion of haste
 q - a potion of curing
 r - 2 potions of attraction {unknown}
 v - 3 potions of flight {unknown}
 x - a potion of lignification {unknown}
 z - 2 potions of brilliance {unknown}
 N - a potion of invisibility {unknown}
 O - a potion of cancellation {unknown}
 Q - 4 potions of magic {unknown}
 R - 2 potions of degeneration {unknown}


   Skills:
 + Level 8.3 Fighting
 - Level 14.0 Long Blades
 + Level 4.5 Armour
 + Level 5.6 Dodging
 - Level 1.7 Stealth
 - Level 4.1 Shields
 - Level 6.0 Necromancy


You had 11 spell levels left.
You didn't know any spells.
Your spell library contained the following spells:

 Spells                   Type           Power      Damage    Failure   Level
 Animate Dead             Necr           13%        N/A       36%         4
 Sandblast                Erth           0%         2d4       41%         1
 Passwall                 Tmut/Erth      0%         N/A       54%         2
 Stone Arrow              Conj/Erth      0%         3d7       78%         3
 Iskenderun's Battlesphe  Conj           0%         2d6       100%        5
 Iron Shot                Conj/Erth      0%         9d1       100%        6
 Haunt                    Necr/Summ      3%         N/A       100%        7
 Spellforged Servitor     Conj/Summ      0%         N/A       100%        7
 Infestation              Necr           6%         N/A       100%        8


Dungeon Overview and Level Annotations

Branches:
Dungeon (9/15)             Temple (1/1) D:5             Orc (2/2) D:9
    Elf (0/3) Orc:2        Bailey (visited)
   Lair: D:8-11

Altars:
Ashenzari
Cheibriados
Dithmenos
Fedhas
Gozag
Hepliaklqana
Kikubaaqudgha
Makhleb
Nemelex Xobeh
Okawaru
Qazlal
Ru
Sif Muna
Trog
Uskayaw
Vehumet
Wu Jian
Xom
Yredelemnul

Shops:
D:6 (   Orc:1 [

Annotations:
Orc:2 Snorg


Innate Abilities, Weirdness & Mutations

You have a pair of small horns on your head.
You are partially covered in icy blue scales. (AC +2)
You regenerate magic rapidly.
Spells you cast and wands you use may paralyse nearby enemies.


Message History

You lunge at the ogre mage, in a flurry of attacks.
You slash the ogre mage!
The ogre mage is moderately wounded.
You slice the ogre mage!!
The ogre mage is severely wounded.
You spin and attack the two-headed ogre repeatedly.
You slice the two-headed ogre!!
You kill the two-headed ogre!
The Council accepts your kill.
You spin and attack Snorg repeatedly.
You slash Snorg! You headbutt Snorg!
Snorg is moderately wounded.
You slash Snorg!
Snorg is heavily wounded.
You hear a shout! x2
The ogre mage casts a spell at you.
You suddenly lose the ability to move!
Snorg goes berserk!
The orc priest hits you but does no damage.
An ogre comes into view. It is wielding a +0 giant club.
The ogre mage hits you but does no damage.
You hear a shout! x3
Snorg bites you! Snorg barely misses you. Snorg claws you!
The ogre mage gestures at the ogre while chanting.
The ogre seems to speed up.
The orc priest hits you but does no damage.
You hear two shouts!
You hear a shout!
You hear two shouts!
Snorg bites you! Snorg claws you but does no damage. x2
The ogre mage hits you but does no damage.
The ogre hits you with a +0 giant club!!
* * * LOW HITPOINT WARNING * * *
The ogre mage hits you with a +0 spear!
* * * LOW HITPOINT WARNING * * *
Snorg bites you.
* * * LOW HITPOINT WARNING * * *
Snorg claws you but does no damage. Snorg completely misses you.
The orc priest hits you but does no damage.
An orc comes into view. It is wielding a +0 short sword.
The ogre mage hits you from afar with a +0 spear.
* * * LOW HITPOINT WARNING * * *
The two-headed ogre hits you with a +0 giant club!!
You die...

....$.......)............
☼§§§☼§...).).............
☼☼☼§§§.)).)..............
☼☼§§§☼)..................
###§☼####...$$..#........
..§§§☼..#....☼§§§§§☼$...#
..####..#....§§☼§§§§...##
..# ..#.#..§☼§§O§☼....#
..'..'..#..#>§§T@O#§....#
..'..'. #....§§OoOO°.....
..#..# #....§#§Ooo§.....
:$#### .#.....###.....###
... .#....## ##...## ###
#.### ...# .. ..O# ..O.O
...


You could see Snorg (berserk), a two-headed ogre, 3 ogre magi, 2 ogres, an orc
priest, an orc wizard and an orc.

Vanquished Creatures
  Erolcha (D:9)
  5 two-headed ogres
  An orc knight (Orc:1)
  An orc sorcerer (Orc:1)
  Maggie (D:9)
  A kobold demonologist (D:9)
  A troll (Orc:2)
  2 hornets (D:9)
  Prince Ribbit (D:9)
  Sigmund (D:3)
  A shadow (D:8)
  2 wyverns (D:9)
  A vampire (D:9)
  3 steam dragons
  2 wargs (Orc:1)
  An acid dragon (D:8)
  8 water moccasins
  Pargi (D:4)
  2 black bears
  An ice beast (D:5)
  A sky beast (D:7)
  27 orc warriors
  5 ogres
  3 centaurs
  9 kobold brigands
  6 phantoms
  3 bullfrogs (D:7)
  2 scorpions
  A necrophage (D:6)
  5 wights (D:9)
  4 troll zombies (D:9)
  15 killer bees
  A howler monkey (D:9)
  A bullfrog zombie (D:6)
  2 centaur zombies (D:6)
  15 orc priests
  2 gnoll boudas
  4 hounds
  A centaur skeleton (D:6)
  4 iguanas (D:5)
  19 orc wizards
  A killer bee zombie (D:6)
  4 ogre zombies (D:9)
  A howler monkey zombie (D:6)
  14 gnolls
  13 adders
  4 shadow imps
  3 white imps
  2 ufetubi
  2 worms
  A dart slug (D:2)
  55 orcs
  7 endoplasms
  4 giant cockroaches
  17 goblins
  12 hobgoblins
  2 quokkas
  7 ball pythons
  3 bats
  5 frilled lizards
  2 goblin skeletons (D:9)
  4 goblin zombies (D:9)
  A hobgoblin skeleton (D:9)
  A hobgoblin zombie (D:9)
  37 kobolds
  6 kobold skeletons (D:9)
  12 kobold zombies (D:9)
  2 orc skeletons (D:9)
  15 orc zombies (D:9)
  7 rats
411 creatures vanquished.

Vanquished Creatures (others)
  An orc wizard (D:6)
  An orc (D:5)
  5 fungi (D:8)
  3 withered plants (D:6)
10 creatures vanquished.

Grand Total: 421 creatures vanquished

Notes
Turn   | Place    | Note
-------+----------+-------------------------------------------
     0 | D:1      | Dirtsage the Demonspawn Monk began the quest for the Orb.
     0 | D:1      | Reached XP level 1. HP: 18/18 MP: 1/1
   194 | D:1      | Reached skill level 3 in Long Blades
   235 | D:1      | Gained mutation: You are partially covered in icy blue
                  | scales. (AC +2) [demonic ancestry]
   235 | D:1      | Reached XP level 2. HP: 22/24 MP: 2/2
   941 | D:2      | Gained mutation: You have a pair of small horns on your
                  | head. [demonic ancestry]
   941 | D:2      | Reached XP level 3. HP: 17/29 MP: 3/3
  1004 | D:2      | Reached skill level 4 in Long Blades
  1059 | D:2      | Found a faded altar of an unknown god.
  1122 | D:2      | Found a bloodstained altar of Trog.
  1406 | D:2      | Reached XP level 4. HP: 33/35 MP: 4/4
  1662 | D:3      | Noticed Sigmund
  1876 | D:3      | Reached skill level 5 in Long Blades
  1958 | D:3      | Killed Sigmund
  1959 | D:3      | Reached skill level 6 in Long Blades
  1959 | D:3      | Reached XP level 5. HP: 19/41 MP: 5/5
  1959 | D:3      | Gained mutation: Spells you cast may paralyse adjacent
                  | enemies. [demonic ancestry]
  1959 | D:3      | Reached XP level 6. HP: 22/47 MP: 6/6
  2501 | D:4      | Noticed Pargi
  2515 | D:4      | Killed Pargi
  2642 | D:4      | Reached skill level 7 in Long Blades
  2795 | D:4      | Reached XP level 7. HP: 38/49 MP: 7/7
  3193 | D:5      | Entered Level 5 of the Dungeon
  3257 | D:5      | Reached skill level 8 in Long Blades
  3320 | D:5      | Found a staircase to the Ecumenical Temple.
  3329 | Temple   | Entered the Ecumenical Temple
  3669 | D:5      | Found an ornate altar of the Wu Jian Council.
  3670 | D:5      | Found a snail-covered altar of Cheibriados.
  3710 | D:5      | Became a worshipper of the Wu Jian Council
  3710 | D:5      | Reached * piety under Wu Jian
  3710 | D:5      | Reached ** piety under Wu Jian
  3741 | D:5      | Found a shadowy altar of Dithmenos.
  3832 | D:5      | Reached skill level 9 in Long Blades
  3832 | D:5      | Gained mutation: Spells you cast may paralyse nearby
                  | enemies. [demonic ancestry]
  3832 | D:5      | Reached XP level 8. HP: 58/58 MP: 8/8
  4105 | D:5      | Found a basalt altar of Yredelemnul.
  4158 | D:5      | Reached skill level 10 in Long Blades
  4510 | D:5      | Found a stormy altar of Qazlal.
  4672 | D:6      | Reached skill level 1 in Necromancy
  4687 | D:6      | Reached skill level 1 in Shields
  4703 | D:6      | Reached XP level 9. HP: 64/64 MP: 7/9
  5147 | D:6      | Reached skill level 11 in Long Blades
  5165 | D:6      | Reached *** piety under Wu Jian
  5220 | D:6      | Found a broken altar of Ashenzari.
  5349 | D:6      | Found Koppoluu's Antique Weapon Shop.
  5352 | D:6      | Bought a fine long sword for 212 gold pieces
  5352 | D:6      | Identified the +0 long sword "Gehamp" {heavy, rN++ Stlth+}
                  | (You bought it in a shop on level 6 of the Dungeon)
  5445 | D:6      | Found a large runed translucent door.
  5446 | D:6      | Found a large runed translucent door.
  5590 | D:6      | Identified 3 scrolls of acquirement
  5590 | D:6      | Acquired the amulet "Kebrami" {Reflect rN+ SH+5}
  5592 | D:6      | Acquired 877 gold pieces
  5594 | D:6      | Acquired the +0 hat of Depression {rCorr Dex+3}
  5620 | D:6      | Found a shimmering altar of Xom.
  5636 | D:6      | Found a hide-covered altar of Uskayaw.
  6550 | D:8      | Found a flagged portal.
  6563 | Bailey   | Entered a bailey
  6588 | Bailey   | Reached skill level 5 in Fighting
  6599 | Bailey   | Reached **** piety under Wu Jian
  6686 | Bailey   | Gained mutation: You regenerate magic rapidly. [demonic
                  | ancestry]
  6686 | Bailey   | Reached XP level 10. HP: 74/74 MP: 10/10
  6765 | Bailey   | Reached skill level 12 in Long Blades
  6867 | Bailey   | Reached skill level 5 in Necromancy
  6895 | Bailey   | Noticed an orc warlord
  7801 | D:9      | Noticed Erolcha
  7861 | D:9      | Reached ***** piety under Wu Jian
  8019 | D:9      | Found a staircase to the Orcish Mines.
  8130 | D:9      | Reached skill level 1 in Armour
  8315 | D:9      | Gained mutation: Spells you cast and wands you use may
                  | paralyse nearby enemies. [demonic ancestry]
  8315 | D:9      | Reached XP level 11. HP: 83/83 MP: 11/11
  8315 | D:9      | Found an ancient bone altar of Kikubaaqudgha.
  8530 | D:9      | Killed Erolcha
  8531 | D:9      | Reached skill level 13 in Long Blades
  8565 | D:9      | Paralysed by a hornet for 1 turns
  8915 | D:9      | Noticed Maggie
  8923 | D:9      | Noticed a two-headed ogre
  8923 | D:9      | Noticed Prince Ribbit
  8957 | D:9      | Killed a two-headed ogre
  8968 | D:9      | Killed Prince Ribbit
  8995 | D:9      | Killed Maggie
  9496 | Orc:1    | Entered Level 1 of the Orcish Mines
  9504 | Orc:1    | Noticed a two-headed ogre
  9515 | Orc:1    | Killed a two-headed ogre
  9542 | Orc:1    | Found Ritewn's Armour Boutique.
  9646 | Orc:1    | Noticed an orc knight
  9649 | Orc:1    | Noticed an orc sorcerer
  9656 | Orc:1    | Killed an orc sorcerer
  9658 | Orc:1    | Killed an orc knight
  9679 | Orc:2    | Entered Level 2 of the Orcish Mines
  9692 | Orc:2    | Reached skill level 5 in Dodging
  9696 | Orc:2    | Found a staircase to the Elven Halls.
  9773 | Orc:2    | Noticed a two-headed ogre
  9776 | Orc:2    | Noticed an ogre mage
  9777 | Orc:2    | Noticed an ogre mage
  9783 | Orc:2    | Noticed a two-headed ogre
  9783 | Orc:2    | Noticed a two-headed ogre
  9783 | Orc:2    | Noticed an ogre mage
  9784 | Orc:2    | Killed a two-headed ogre
  9785 | Orc:2    | Reached skill level 14 in Long Blades
  9786 | Orc:2    | Noticed a two-headed ogre
  9786 | Orc:2    | Noticed Snorg
  9787 | Orc:2    | Killed a two-headed ogre
  9788 | Orc:2    | Reached XP level 12. HP: 75/92 MP: 12/12
  9790 | Orc:2    | Killed a two-headed ogre
  9790 | Orc:2    | Paralysed by an ogre mage for 5 turns
  9792 | Orc:2    | HP: 2/93 [ogre mage/+0 spear (5)]
  9792 | Orc:2    | Demolished by a two-headed ogre

Illustrated notes

Levels and vault maps discovered:
D:1:      psy_arrival_radial01, layout_basic, serial_corexii_hall,
          corexii_hall_statues_i, corexii_hall_statues_u
D:2:      layout_loops_ring, ebering_ecumenical_altar_abandoned, basic_altar
D:3:      layout_loops_ring, st_stairs_9, corexii_corridor_pit, uniq_sigmund
D:4:      layout_loops_ring, uniq_pargi
D:5:      minmay_angry_zag, layout_loops_ring, grunt_temple_overflow_open,
          nicolae_dithmenos_the_darkroom, mainiacjoe_overflow_swirl,
          minmay_temple_entry_glass, minmay_misc_feat_four_crosses
D:6:      layout_cave_pools, mainiacjoe_overflow_paths, jmf_multi_god_temple2,
          serial_undead, serial_undead_d, serial_undead_d, serial_undead_c,
          serial_undead_c, serial_shops, nicolae_shop_crystal,
          grunt_ministairs_4
D:7:      layout_basic
D:8:      kennysheep_steamy, layout_loops_ring, enter_bailey_3
D:9:      wander_kiku_kobolds, layout_grid_maze, zombieorc2_lemuel,
          grunt_ministairs_15, hangedman_corner_corridor, uniq_prince_ribbit1,
          uniq_maggie, uniq_erolcha
Temple:   dpeg_chambers_temple
Orc:1:    layout_caves, serial_shops, shop
Orc:2:    st_orc_ogre_mass, layout_caves, guppyfry_library_mini, uniq_snorg

Skill      XL: |  1  2  3  4  5  6  7  8  9 10 11 |
---------------+----------------------------------+-----
Long Blades    | 3 4 6 7 9 10 11 12 14 | 14.0
Necromancy     | 1 4 6 |  6.0
Shields        | 1 3 4 |  4.1
Fighting       | 5 6 8 |  8.3
Dodging        | 3 5 |  5.6
Armour         | 1 4 |  4.5
Stealth        | |  1.7

Action                     |  1- 3 |  4- 6 |  7- 9 | 10-12 || total
---------------------------+-------+-------+-------+-------++-------
  Melee: Falchion          |   119 |   118 |   625 |   988 ||  1850
         Punch             |     2 |       |    10 |    11 ||    23
         Headbutt          |     6 |    22 |   130 |   188 ||   346
  Throw: Throwing net      |       |     2 |       |       ||     2
         Dart              |       |       |       |     9 ||     9
 Invoke: Heavenly Storm    |       |       |       |     3 ||     3
         Serpent's Lash    |       |       |       |     4 ||     4
Ability: Lunge             |       |       |    26 |    53 ||    79
         Whirlwind         |       |       |   121 |   391 ||   512
         Wall Jump         |       |       |       |     3 ||     3
  Evoke: Wand              |       |       |       |     5 ||     5
    Use: Potion            |     1 |       |     3 |     4 ||     8
         Scroll            |       |     1 |     4 |     2 ||     7
   Stab: Sleeping          |     4 |     4 |     4 |     1 ||    13
         Held in net/web   |       |     1 |       |       ||     1
         Distracted        |       |       |     1 |     1 ||     2
         Paralysed         |       |       |       |     2 ||     2
 Armour: Robe              |    41 |       |       |       ||    41
         Leather armour    |     6 |    19 |       |       ||    25
         Troll leather arm |       |    15 |   244 |   219 ||   478
         Ring mail         |       |     2 |       |       ||     2
  Dodge: Dodged            |    86 |    60 |   318 |   338 ||   802
  Block: Other             |       |       |    17 |   128 ||   145
         Reflection        |       |       |       |     8 ||     8

Table legend: (Time is in decaauts)
 A = Elapsed time spent in this place.
 B = Non-inter-level travel time spent in this place.
 C = Inter-level travel time spent in this place.
 D = Time resting spent in this place.
 E = Time spent auto-exploring this place.
 F = Levels seen in this place.
 G = Mean time per level.
                   A        B        C        D        E       F      G
               +--------+--------+--------+--------+--------+-----+--------+
         Total |   9603 |   9092 |    511 |    197 |   6239 |  13 |  738.7 |
       Dungeon |   8747 |   8258 |    489 |    190 |   5847 |   9 |  971.9 |
        Temple |    226 |    204 |     22 |      0 |    191 |   1 |  226.0 |
  Orcish Mines |    285 |    285 |      0 |      0 |    115 |   2 |  142.5 |
        Bailey |    343 |    343 |      0 |      7 |     86 |   1 |  343.0 |
               +--------+--------+--------+--------+--------+-----+--------+

Top non-repeatable levels by time:
     D:9: 1692 daAuts
     D:5: 1342 daAuts
     D:8: 878 daAuts
     D:1: 869 daAuts
     D:6: 834 daAuts
     D:2: 821 daAuts
     D:3: 816 daAuts
     D:7: 793 daAuts
     D:4: 698 daAuts
  Bailey: 343 daAuts
  Temple: 226 daAuts
   Orc:1: 175 daAuts
   Orc:2: 110 daAuts
